 Dungeon Crawl Stone Soup version 0.31-a0-1205-g5e5e916f41 (webtiles) character file.

Game seed: 10250078662410808353

60 Malachi the Covered (level 3, -2/29 HPs)
             Began as an Armataur Fighter on Dec 13, 2023.
             Killed from afar by an orc wizard (4 damage)
             ... with a puff of flame
             ... on level 3 of the Dungeon.
             The game lasted 00:02:05 (1855 turns).

Malachi the Covered (Armataur Fighter)              Turns: 1855, Time: 00:02:05

Health: -2/29      AC:  7    Str: 23    XL:     3   Next: 82%
Magic:  3/3        EV:  7    Int:  8    God:
Gold:   73         SH:  4    Dex:  9    Spells: 2/2 levels left

rFire   . . .        e - +2 dagger (elec)
rCold   . . .        c - +0 buckler
rNeg    . . .        b - +0 scale mail
rPois   .            (no helmet)
rElec   .            (no cloak)
rCorr   .            (no gloves)
SInv    .            (no barding)
Will    .....        (no amulet) Stlth
                     (no ring)
HPRegen 0.24/turn    (no ring)
MPRegen 0.08/turn

%: roll
@: no status effects
A: large, deformed body, tough skin 3, armoured tail, roll 1, long tongue
a: no special abilities


You were on level 3 of the Dungeon.
You visited 1 branch of the dungeon, and saw 3 of its levels.

You collected 73 gold pieces.

Inventory:

Hand Weapons
 a - a +0 flail
 e - a +2 dagger of electrocution (weapon)
Armour
 b - a +0 scale mail (worn)
 c - a +0 buckler (worn)
Scrolls
 g - a scroll of teleportation {unknown}
 i - a scroll of revelation {unknown}
 l - a scroll of fear {unknown}
 m - a scroll of immolation {unknown}
 n - a scroll of blinking {unknown}
Potions
 d - 2 potions of might
 f - a potion of cancellation
 h - 2 potions of degeneration {unknown}
 j - a potion of heal wounds {unknown}
 k - a potion of haste {unknown}
 o - 2 potions of invisibility {unknown}


   Skills:
 + Level 3.6 Fighting
 - Level 1.9 Maces & Flails
 + Level 4.2 Armour
 + Level 3.8 Shields


You had 2 spell levels left.
You didn't know any spells.
Your spell library contained the following spells:

 Spells                   Type           Power      Damage    Failure   Level
 Magic Dart               Conj           0%         1d3       78%         1
 Call Imp                 Summ           0%         N/A       89%         2
 Searing Ray              Conj           0%         2d4       89%         2
 Mephitic Cloud           Conj/Pois/Air  0%         N/A       98%         3
 Fulminant Prism          Conj/Hex       0%         3d5       100%        4


Dungeon Overview and Level Annotations

Branches:
Dungeon (3/15)

Altars:
Makhleb

Shops:
D:1 !(*


Innate Abilities, Weirdness & Mutations

Armour fits poorly on your strangely shaped body.
You have extremely tough skin. (AC +3)
You have a long armoured tail.
You roll when moving toward enemies. (Rampage)
Your long tongue fully drains potion bottles. (2x potion effects)


Message History

The orc is heavily wounded.
The orc hits you but does no damage.
You barely miss the orc. You tail-slap the orc.
You kill the orc!
You miss something. Something hits you but does no damage.
You hit something. Something hits you but does no damage.
You hit something. Something completely misses you.
You miss something. Something hits you but does no damage.
You closely miss something.
You hear some strange, mumbled words.
You are confused.
You're too confused to move!
Something hits you but does no damage.
You bump into the rock wall.
Something hits you.
* * * LOW HITPOINT WARNING * * *
You bump into the rock wall.
Something hits you but does no damage.
You bump into the rock wall.
Something hits you.
* * * LOW HITPOINT WARNING * * *
You bump into the rock wall.
You feel less confused. Something hits you but does no damage.
You barely miss something. Something completely misses you.
You hit something. Something hits you.
* * * LOW HITPOINT WARNING * * *
You miss something. Something hits you but does no damage.
You closely miss something. Something hits you but does no damage.
You closely miss something.
Your tail-slap misses something.
Something hits you.
* * * LOW HITPOINT WARNING * * *
You barely miss something.
Your tail-slap misses something.
Something hits you but does no damage.
You miss something. You tail-slap something.
Something hits you but does no damage.
It was a potion of cancellation.
You feel magically purged.
You slurp down every last drop of the potion of cancellation!
Something hits you but does no damage.
You closely miss something.
You hear some strange, mumbled words.
A puff of flame appears from out of thin air!
The puff of flame hits you.
You die...

#..........#.(≈≈
......#......≈≈
)....#......≈≈
...........≈≈
#..........≈≈
#..#.......~~
#..##.^....≈≈
#.@{)<....$≈≈
#....#####.#..≈≈
###.. # ≈ #..
#.. #.. #.. #..


There were no monsters in sight!

Vanquished Creatures
  An adder (D:2)
  3 orcs (D:3)
  A bat (D:1)
  5 endoplasms
  5 giant cockroaches
  2 hobgoblins (D:2)
  2 jackals (D:1)
  2 quokkas
  2 ball pythons (D:2)
  4 frilled lizards (D:1)
  8 goblins
  5 kobolds
  5 rats
45 creatures vanquished.

Notes
Turn   | Place    | Note
-------+----------+-------------------------------------------
     0 | D:1      | Malachi the Armataur Fighter began the quest for the Orb.
     0 | D:1      | Reached XP level 1. HP: 17/17 MP: 1/1
   342 | D:1      | Reached XP level 2. HP: 23/24 MP: 2/2
   553 | D:1      | Found Kireph's Weapon Boutique.
   763 | D:1      | Found Zinumane's Distillery.
  1021 | D:1      | Found Goppyarph's General Store.
  1073 | D:1      | Reached XP level 3. HP: 29/29 MP: 3/3
  1346 | D:2      | Reached skill level 4 in Armour
  1636 | D:2      | Found a faded altar of an unknown god.
  1735 | D:2      | Found a burning altar of Makhleb.
  1855 | D:3      | Killed from afar by an orc wizard

Illustrated notes

Levels and vault maps discovered:
D:1:      saegor_arrival_fortress, layout_loops_corners, serial_shops,
          nicolae_shop_hallway_plus, nicolae_shop_tiny_glass, shop,
          roderic_lattice_a, st_stairs_4
D:2:      layout_basic, basic_altar, ebering_ecumenical_altar_webs
D:3:      layout_loops_ring, gammafunk_ghost_gnarly_gnolls, grunt_ministairs_9,
          chequers_serial_rivers_large_a, nrook_campfire

Skill      XL: |  1  2  3 |
---------------+----------+-----
Fighting       | 3 |  3.6
Armour         | 4 |  4.2
Maces & Flails | |  1.9
Shields        | |  3.8

Action                     || total
---------------------------++-------
  Melee: Dagger            ||   136
         Flail             ||     5
         Tailslap          ||    11
    Use: Potion            ||     1
 Armour: Scale mail        ||   107
  Dodge: Dodged            ||    49
  Block: Buckler           ||    16

Table legend: (Time is in decaauts)
 A = Elapsed time spent in this place.
 B = Non-inter-level travel time spent in this place.
 C = Inter-level travel time spent in this place.
 D = Time resting spent in this place.
 E = Time spent auto-exploring this place.
 F = Levels seen in this place.
 G = Mean time per level.
                   A        B        C        D        E       F      G
               +--------+--------+--------+--------+--------+-----+--------+
         Total |   1860 |   1798 |     62 |      0 |   1524 |   3 |  620.0 |
       Dungeon |   1860 |   1798 |     62 |      0 |   1524 |   3 |  620.0 |
               +--------+--------+--------+--------+--------+-----+--------+

Top non-repeatable levels by time:
     D:1: 1256 daAuts
     D:2: 565 daAuts
     D:3: 38 daAuts
